 Dungeon Crawl Stone Soup version 0.30-a0-371-gad7725a93e (webtiles) character file.

Game seed: 12748128299912586761

181123 McGhostyFace the Swashbuckler (level 17, -30/149 HPs)
             Began as a Gnoll Wanderer on Nov 23, 2022.
             Was an Elder of Ashenzari.
             Annihilated by an ettin
             ... wielding a +0 great mace
              (42 damage)
             ... on level 15 of the Dungeon.
             The game lasted 02:01:47 (36108 turns).

McGhostyFace the Swashbuckler (Gnoll Wanderer)     Turns: 36108, Time: 02:01:47

Health: -30/149    AC: 14    Str: 16    XL:     17   Next: 94%
Magic:  30/37      EV: 17    Int: 30    God:    Ashenzari [****..]
Gold:   1305       SH: 13    Dex: 13    Spells: 24/48 levels left

rFire   . . .      SeeInvis +    a - +3 hand axe "I Knew You'd Do That" {Melee, Fort} (curse)
rCold   . . .      Faith    .    b - +0 kite shield of the Eternal Ordeal {Alch, Melee} (curse)
rNeg    . . .      Spirit   .    H - +4 robe of Augmentation {Str+4 Int+4 Dex+4, Bglg, Alch} (curse)
rPois   +          Reflect  .    V - +0 mask of the Dragon {Will+ Slay+3 SInv, Self, Comp} (curse)
rElec   .          Harm     .    Y - +1 cloak "Bound Secrets" {Self, Evo} (curse)
rCorr   .          Rampage  .    t - +0 pair of gloves of Supernal Wisdom {Fort, Comp} (curse)
Will    ++...      Clarity  +    U - +1 pair of boots "Oqetwoen" {Int+2 Slay+3 Stlth+}
Stlth   ++++++++..               e - amulet "Ruined Prison" {Acrobat Int+7, Self, Cun} (curse)
HPRegen 1.24/turn                P - ring of the Elephant {rPois Str-5 Slay+5 SInv Stlth+}
MPRegen 0.25/turn                E - ring of wizardry

@: studying Short Blades
A: fangs 1, strong nose, distributed training, regeneration 1
}: 1/15 runes: serpentine
a: Renounce Religion, Curse Item, Shatter the Chains


You were on level 15 of the Dungeon.
You worshipped Ashenzari.
Ashenzari was greatly pleased with you.
You visited 5 branches of the dungeon, and saw 27 of its levels.

You collected 2691 gold pieces.
You spent 1386 gold pieces at shops.

Inventory:

Hand Weapons
 a - the cursed +3 hand axe "I Knew You'd Do That" (weapon) {Melee, Fort}

   It has a curse which improves the following skills: Melee Combat: Short
   Blades, Long Blades, Axes, Maces & Flails, Polearms, Staves and Unarmed
   Combat.
   Fortitude: Armour and Shields.
 N - a +4 trident of pain
Missiles
 d - 6 silver javelins
 G - 37 poisoned darts (quivered)
 W - a throwing net
Armour
 b - the cursed +0 kite shield of the Eternal Ordeal (worn) {Alch, Melee}
   (You took it off a gnoll sergeant on level 6 of the Dungeon)

   It has a curse which improves the following skills: Alchemy: Poison Magic and
   Transmutations.
   Melee Combat: Short Blades, Long Blades, Axes, Maces & Flails, Polearms,
   Staves and Unarmed Combat.
 t - the cursed +0 pair of gloves of Supernal Wisdom (worn) {Fort, Comp}
   (You found it on level 3 of the Dungeon)

   It has a curse which improves the following skills: Fortitude: Armour and
   Shields.
   Companions: Summonings and Necromancy.
 H - the cursed +4 robe of Augmentation (worn) {Str+4 Int+4 Dex+4, Bglg, Alch}
   (You found it on level 6 of the Dungeon)

   Str:       It affects your strength (+4).
   Int:       It affects your intelligence (+4).
   Dex:       It affects your dexterity (+4).
   It has a curse which improves the following skills: Beguiling: Conjurations,
   Hexes and Translocations.
   Alchemy:   Poison Magic and Transmutations.
 U - the +1 pair of boots "Oqetwoen" (worn) {Int+2 Slay+3 Stlth+}
   (You bought it in a shop on level 5 of the Dungeon)

   Int:       It affects your intelligence (+2).
   Slay:      It affects your accuracy & damage with ranged weapons and melee
   (+3).
   Stlth:     It makes you more stealthy.
 V - the cursed +0 mask of the Dragon (worn) {Will+ Slay+3 SInv, Self, Comp}
   (You found it on level 5 of the Lair of Beasts)

   Slay:      It affects your accuracy & damage with ranged weapons and melee
   (+3).
   SInv:      It lets you see invisible.
   Will:      It increases your willpower.
   It has a curse which improves the following skills: Introspection: Fighting
   and Spellcasting.
   Companions: Summonings and Necromancy.
 X - the +3 pair of boots "Udaacun" {Regen+ Dex+3}
   (You bought it in a shop on level 1 of the Orcish Mines)

   Dex:       It affects your dexterity (+3).
   Regen:     It increases your rate of health regeneration.
 Y - the cursed +1 cloak "Bound Secrets" (worn) {Self, Evo}
   (You bought it in a shop on level 2 of the Orcish Mines)

   It has a curse which improves the following skills: Introspection: Fighting
   and Spellcasting.
   Evocations: Evocations.
Jewellery
 e - the cursed amulet "Ruined Prison" (around neck) {Acrobat Int+7, Self, Cun}
   (You acquired it on level 4 of the Dungeon)

   [amulet of the acrobat]

   It increases your evasion while moving and waiting.
   Int:       It affects your intelligence (+7).
   It has a curse which improves the following skills: Introspection: Fighting
   and Spellcasting.
   Cunning:   Dodging and Stealth.
 i - an amulet of reflection
 m - a +6 ring of dexterity
 v - a ring of ice
 E - a ring of wizardry (right hand)
 M - a +6 ring of dexterity
 O - an amulet of regeneration
 P - the ring of the Elephant (left hand) {rPois Str-5 Slay+5 SInv Stlth+}
   (You found it on level 3 of the Lair of Beasts)

   [ring of poison resistance]

   Str:       It affects your strength (-5).
   Slay:      It affects your accuracy & damage with ranged weapons and melee
   (+5).
   rPois:     It protects you from poison.
   SInv:      It lets you see invisible.
   Stlth:     It makes you more stealthy.
 R - a +4 ring of protection
 Z - the amulet "Dulerug" {Drain *Slow +Blink Will+++ Regen+}
   (You found it on level 13 of the Dungeon)

   [amulet of regeneration]

   +Blink:    It lets you blink.
   Regen:     It increases your rate of health regeneration.
   Drain:     It drains your maximum health when unequipped.
   *Slow:     It may slow you when you take damage.
   Will:      It greatly increases your willpower.
Wands
 l - a wand of flame (21)
 o - a wand of quicksilver (2)
 u - a wand of mindburst (13)
 A - a wand of roots (32)
 B - a wand of paralysis (26)
 S - a wand of polymorph (3)
Scrolls
 g - 4 scrolls of enchant armour
 k - 2 scrolls of fear
 n - 7 scrolls of butterflies
 q - 2 scrolls of poison
 w - 2 scrolls of silence
 y - 4 scrolls of enchant weapon
 C - 2 scrolls of amnesia
 D - 3 scrolls of teleportation
 L - 4 scrolls of magic mapping
 Q - 2 scrolls of blinking
 T - a scroll of brand weapon
Potions
 c - 3 potions of lignification
 f - a potion of haste
 h - a potion of cancellation
 j - 5 potions of curing
 p - 10 potions of might
 r - a potion of berserk rage
 s - 5 potions of mutation
 x - 2 potions of magic
 z - a potion of heal wounds
 F - 3 potions of invisibility
 J - a potion of flight
 K - a potion of brilliance
Miscellaneous
 I - a tin of tremorstones (2/2)


   Skills:
 + Level 13.9(17.7) Fighting
 + Level 17.0(19.8) Short Blades
 + Level 12.4(15.3) Long Blades
 + Level 13.9(16.8) Axes
 + Level 12.4(15.3) Maces & Flails
 + Level 12.4(15.3) Polearms
 + Level 12.4(15.3) Staves
 + Level 12.4 Ranged Weapons
 + Level 12.4 Throwing
 + Level 13.9(16.8) Armour
 + Level 12.4(14.3) Dodging
 + Level 12.6(14.5) Stealth
 + Level 12.4(15.3) Shields
 + Level 12.4(15.3) Unarmed Combat
 + Level 12.4(16.2) Spellcasting
 + Level 10.5(12.4) Conjurations
 + Level 10.5(12.4) Hexes
 + Level 10.5(13.4) Summonings
 + Level 10.5(13.4) Necromancy
 + Level 10.5(12.4) Translocations
 + Level 10.5(13.4) Transmutations
 + Level 10.5 Fire Magic
 + Level 10.5 Ice Magic
 + Level 10.5 Air Magic
 + Level 10.5 Earth Magic
 + Level 10.5(13.4) Poison Magic
 + Level 13.5 Invocations
 + Level 12.4(14.3) Evocations


You had 24 spell levels left.
You knew the following spells:

 Your Spells              Type           Power      Damage    Failure   Level
a - Stone Arrow           Conj/Erth      100%       3d13      1%          3
b - Dispel Undead         Necr           81%        3d26      1%          4
c - Summon Lightning Spi  Summ/Air       77%        N/A       1%          4
d - Summon Cactus Giant   Summ           40%        N/A       1%          6
e - Ozocubu's Refrigerat  Ice            36%        4d15      14%         7

Your spell library contained the following spells:

 Spells                   Type           Power      Damage    Failure   Level
 Beastly Appendage        Tmut           100%       N/A       0%          1
 Sublimation of Blood     Necr           81%        N/A       0%          2
 Wereblood                Tmut           81%        N/A       0%          2
 Cigotuvi's Dreadful Rot  Necr/Pois/Air  100%       N/A       1%          2
 Poisonous Vapours        Pois/Air       100%       N/A       1%          2
 Scorch                   Fire           100%       2d10      1%          2
 Inner Flame              Hex/Fire       76%        N/A       1%          3
 Mephitic Cloud           Conj/Pois/Air  77%        N/A       1%          3
 Ozocubu's Armour         Ice            73%        N/A       1%          3
 Spider Form              Tmut/Pois      81%        N/A       1%          3
 Cause Fear               Hex            39%        N/A       1%          4
 Flame Wave               Conj/Fire      76%        2d17      1%          4
 Fireball                 Conj/Fire      38%        3d16      1%          5
 Spellforged Servitor     Conj/Summ      40%        N/A       5%          7
 Storm Form               Tmut/Air       38%        N/A       9%          7
 Borgnjor's Revivificati  Necr           40%        N/A       32%         8
 Necromutation            Tmut/Necr      40%        N/A       32%         8
 Discord                  Hex            39%        N/A       43%         8
 Maxwell's Capacitive Co  Air            36%        ∞         69%         8
 Death's Door             Necr           40%        N/A       99%         9
 Chain Lightning          Conj/Air       38%        3d50      100%        9


Dungeon Overview and Level Annotations

Branches:
Dungeon (15/15)            Temple (1/1) D:5            Lair (5/5) D:11
 Shoals (0/4) Lair:3        Snake (4/4) Lair:3        Slime (0/5) Lair:5
    Orc (2/2) D:9             Elf (0/3) Orc:2        Vaults (0/5) D:14
 Depths (0/4) D:15

Altars:
Ashenzari
Cheibriados
Dithmenos
Elyvilon
Fedhas
Gozag
Hepliaklqana
Kikubaaqudgha
Makhleb
Nemelex Xobeh
Okawaru
Qazlal
Ru
Sif Muna
Trog
Uskayaw
Vehumet
Wu Jian
Xom
Yredelemnul
Zin
The Shining One
Jiyva

Shops:
D:3 (*=(   D:5 *[=   D:14 *   Orc:1 **[   Orc:2 [*[:   Snake:2 *


Innate Abilities, Weirdness & Mutations

You have very sharp teeth.
Your uncanny sense of smell can sniff out nearby items.
Your experience applies equally to all skills.
Your natural rate of healing is unusually fast.


Message History

You closely miss the deep troll. You slash the purple ugly thing!
You hit the green ugly thing.
The white ugly thing kicks your lightning spire!
The white ugly thing freezes your lightning spire.
Your lightning spire resists.
Unknown command.
You slash the deep troll! Your bite misses the deep troll.
The deep troll is moderately wounded.
You hit the green ugly thing but do no damage.
You slice the purple ugly thing!!
You kill the purple ugly thing!
The green ugly thing completely misses you.
A necromancer comes into view. It is wielding a +0 dagger.
You block the deep troll's attack. The deep troll claws you!
You block the deep troll's attack.
The white ugly thing completely misses your lightning spire.
You slash the deep troll!
The deep troll is heavily wounded.
You hit the ettin. You barely miss the green ugly thing.
Your cactus giant hits the deep troll with a +0 giant spiked club.
You block the green ugly thing's attack.
The necromancer mumbles some strange words.
The necromancer binds the souls of nearby monsters.
The ettin hits you with a +0 great mace!!
The ettin hits you with a +2 dire flail of venom!!
You block the deep troll's attack. x2; The deep troll claws you!
You slash the deep troll!
The deep troll is severely wounded.
You closely miss the green ugly thing. You barely miss the ettin.
The white ugly thing kicks your lightning spire but does no damage.
Unknown command.
You slash the deep troll!
The deep troll is almost dead.
You hit the ettin. You slash the green ugly thing!
The green ugly thing barely misses you. You block the deep troll's attack. x2
The deep troll barely misses you.
The ettin hits you with a +0 great mace!!!
* * * LOW HITPOINT WARNING * * *
The ettin hits you with a +2 dire flail of venom!!!
You die...

, , , ,,<*#...(..####.∆
, , , ,*#......# * ,,
,,........##^.p...# *,
, , #.......##......#
,* *
.*#.......##...(u.# , ,
, . #..............8# ,
, .##......##....C..#
,,,*
.##......##....CTu# ,
,* *
.##......##.....@.#
*,,,** *
.##......##.......####
,, ,,
......##.##............
, ,,, ,*
......##.##........####
, ,,,, *
..##..##.##........# ,
* *
..##..##.##........# *,
..##..##......##...# ,
* *,*
..##..##......##...#
..##..##.###..# ...#
*,,,


You could see 2 ugly things, an ettin (soul bound), a deep troll (soul bound,
ally target), a necromancer, a friendly cactus giant (summoned, corroded) and a
friendly lightning spire (summoned).

Vanquished Creatures
  Kirke (D:15)
  2 nagarajas (Snake:4)
  The ghost of Poxta the Cleaver, a journeyman MiBe of Trog (Orc:1)
  Josephine (D:10)
  A vault guard (D:14)
  The ghost of Tef the Protected, a journeyman FoFi of Ashenzari (Orc:2)
  3 salamander tyrants
  A hydra (D:15)
  3 anacondas
  2 two-headed ogres
  A catoblepas (Lair:4)
  2 boulder beetles
  3 naga warriors
  5 centaur warriors
  Erica (D:10)
  6 shock serpents
  4 death yaks (Lair:5)
  4 orc high priests (Orc:2)
  8 naga sharpshooters
  3 salamander mystics
  A naga ritualist (Snake:1)
  A nameless horror (D:11)
  2 wizards (D:14)
  2 mana vipers (Snake:3)
  3 orc knights
  A manticore (Lair:5)
  5 ugly things
  10 black mambas
  4 cyclopes
  9 salamanders
  4 elephants (Lair:4)
  3 naga magi
  A torpor snail (Lair:5)
  A gargoyle (D:11)
  A guardian serpent (Snake:2)
  8 cane toads
  2 unseen horrors
  A rime drake (Lair:3)
  6 komodo dragons
  2 tengu conjurers (D:15)
  2 yaktaurs (D:15)
  3 trolls
  A meliai (D:10)
  2 hornets (shapeshifter) (D:14)
  A hornet (Lair:3)
  6 blink frogs
  4 slime creatures
  2 dream sheep (Lair:5)
  A vampire (D:10)
  5 wraiths
  A shadow (D:9)
  5 wyverns
  16 humans (D:14)
  26 yaks
  4 hogs (D:15)
  2 basilisks
  8 vampire mosquitoes
  22 nagas
  An acid dragon (D:13)
  8 water moccasins
  15 orc warriors
  An ice beast (D:6)
  A sky beast (D:7)
  6 ogres
  7 wolves
  19 centaurs
  2 kobold brigands
  2 gnoll sergeants
  4 bullfrogs
  5 scorpions
  3 howler monkeys
  3 hounds
  5 jellies
  14 orc priests
  3 iguanas
  11 orc wizards
  12 gnolls
  6 adders
  A shadow imp (D:7)
  A white imp (D:6)
  4 dart slugs
  38 orcs
  7 ball pythons
  13 endoplasms
  5 giant cockroaches
  10 goblins
  7 hobgoblins
  10 kobolds
  5 quokkas
  4 bats
  8 frilled lizards
  5 rats
477 creatures vanquished.

Vanquished Creatures (collateral kills)
  3 nagarajas
  Aizul (Snake:3)
  The ghost of ders the Warrior, a journeyman MiFi of Okawaru (Lair:5)
  3 hydras
  4 salamander tyrants (Snake:4)
  A vault guard (D:14)
  Erolcha (D:10)
  A centaur warrior (D:13)
  4 catoblepae
  5 boulder beetles
  13 naga warriors
  2 two-headed ogres
  5 death yaks (Lair:5)
  A tengu warrior (D:13)
  3 naga sharpshooters
  An orc high priest (Orc:2)
  2 shock serpents
  2 salamander mystics
  Nergalle (Lair:1)
  Amaemon (Lair:1)
  A necromancer (D:14)
  6 naga ritualists
  4 orc knights
  2 mana vipers
  2 manticores
  An orc sorcerer (Orc:1)
  2 ugly things (D:15)
  4 slime creatures
  9 salamanders
  15 elephants
  18 naga magi
  18 black mambas
  2 guardian serpents
  A torpor snail (Lair:4)
  8 cane toads
  6 komodo dragons
  An orange demon (Lair:1)
  A rime drake (Lair:2)
  3 kobold demonologists (D:13)
  3 yaktaurs (D:15)
  A polar bear (Lair:4)
  A troll (D:11)
  A hornet (D:10)
  10 blink frogs
  2 dream sheep (Lair:5)
  3 wraiths (D:10)
  A shadow (D:10)
  50 yaks
  A wyvern (Lair:2)
  2 basilisks
  3 humans (D:14)
  2 wargs
  A vampire mosquito (D:12)
  51 nagas
  An acid dragon (D:10)
  9 water moccasins
  20 orc warriors
  6 centaurs
  9 wolves
  2 kobold brigands
  3 bullfrogs
  3 howler monkeys (D:9)
  13 orc priests
  2 orc wizards
  4 nameless horrors
  28 orcs
  9 kobolds
400 creatures vanquished.

Vanquished Creatures (others)
  An elephant (Lair:4)
  27 fungi
  41 plants
69 creatures vanquished.

Grand Total: 946 creatures vanquished

Notes
Turn   | Place    | Note
-------+----------+-------------------------------------------
     0 | D:1      | McGhostyFace the Gnoll Wanderer began the quest for the
                  | Orb.
     0 | D:1      | McGhostyFace set off with the following items: a +3 hand
                  | axe, a +0 ring mail, a potion of lignification.
     0 | D:1      | Reached XP level 1. HP: 23/23 MP: 1/1
   254 | D:1      | Reached XP level 2. HP: 29/29 MP: 2/2
   706 | D:2      | Reached XP level 3. HP: 35/35 MP: 3/3
   958 | D:2      | Reached skill level 1 in Invocations
  1360 | D:3      | Found Oski's Assorted Antiques.
  1364 | D:3      | Bought a twisted chain mail for 180 gold pieces
  1364 | D:3      | Identified the +4 chain mail "Learaate" {rElec} (You bought
                  | it in a shop on level 3 of the Dungeon)
  1421 | D:3      | Reached skill level 1 in Short Blades
  1421 | D:3      | Reached skill level 1 in Long Blades
  1421 | D:3      | Reached skill level 1 in Maces & Flails
  1421 | D:3      | Reached skill level 1 in Polearms
  1421 | D:3      | Reached skill level 1 in Staves
  1421 | D:3      | Reached skill level 1 in Ranged Weapons
  1421 | D:3      | Reached skill level 1 in Throwing
  1421 | D:3      | Reached skill level 1 in Dodging
  1421 | D:3      | Reached skill level 1 in Shields
  1421 | D:3      | Reached skill level 1 in Unarmed Combat
  1421 | D:3      | Reached skill level 1 in Spellcasting
  1421 | D:3      | Reached skill level 1 in Evocations
  1422 | D:3      | Found Dauhisop's Weapon Emporium.
  1496 | D:3      | Reached XP level 4. HP: 41/41 MP: 5/5
  1652 | D:3      | Reached skill level 1 in Conjurations
  1652 | D:3      | Reached skill level 1 in Hexes
  1652 | D:3      | Reached skill level 1 in Summonings
  1652 | D:3      | Reached skill level 1 in Necromancy
  1652 | D:3      | Reached skill level 1 in Translocations
  1652 | D:3      | Reached skill level 1 in Transmutations
  1652 | D:3      | Reached skill level 1 in Fire Magic
  1652 | D:3      | Reached skill level 1 in Ice Magic
  1652 | D:3      | Reached skill level 1 in Air Magic
  1652 | D:3      | Reached skill level 1 in Earth Magic
  1652 | D:3      | Reached skill level 1 in Poison Magic
  1879 | D:3      | Found Cergheacu's Jewellery Shoppe.
  1924 | D:3      | Reached XP level 5. HP: 47/47 MP: 7/7
  2160 | D:3      | Found Ziochis's Antique Weapon Boutique.
  2469 | D:4      | Identified 3 scrolls of acquirement
  2469 | D:4      | Acquired the amulet of Kaant {Acrobat Int+7}
  2481 | D:4      | Acquired Adoyf's Vellum of Macabre Hurting
  2483 | D:4      | Acquired a manual of Short Blades
  2527 | D:4      | Reached skill level 2 in Short Blades
  2527 | D:4      | Reached XP level 6. HP: 39/53 MP: 8/8
  2909 | D:4      | Reached skill level 3 in Short Blades
  2909 | D:4      | Reached XP level 7. HP: 51/60 MP: 10/10
  3138 | D:5      | Entered Level 5 of the Dungeon
  3138 | D:5      | Found Kiemot's Armour Boutique.
  3162 | D:5      | Found Vysaer's Assorted Antiques.
  3313 | D:5      | Found a staircase to the Ecumenical Temple.
  3390 | Temple   | Entered the Ecumenical Temple
  3525 | Temple   | Became a worshipper of Ashenzari the Shackled
  3600 | D:5      | Found a glowing silver altar of Zin.
  3771 | D:5      | Noticed a yak
  3771 | D:5      | Noticed a yak
  3771 | D:5      | Noticed a yak
  3771 | D:5      | Noticed a yak
  3791 | D:5      | Killed a yak
  3806 | D:5      | Killed a yak
  3807 | D:5      | Reached skill level 4 in Short Blades
  3807 | D:5      | Reached XP level 8. HP: 46/67 MP: 12/12
  3976 | D:5      | Noticed a yak
  3986 | D:5      | Killed a yak
  4001 | D:5      | Killed a yak
  4011 | D:5      | HP: 3/67 [yak (6)]
  4014 | D:5      | Killed a yak
  4161 | D:5      | Found Zaxtuvu's Jewellery Shop.
  4471 | D:6      | Reached skill level 5 in Short Blades
  4493 | D:6      | HP: 2/67 [something/puff of flame (8)]
  4569 | D:6      | Noticed a wyvern
  4681 | D:6      | Killed a wyvern
  4682 | D:6      | Reached XP level 9. HP: 30/73 MP: 14/14
  5108 | D:6      | Identified the +2 robe of the Nine Spreadsheets {Harm}
  5189 | D:6      | Found the +4 robe of Augmentation {Str+4 Int+4 Dex+4}
  5239 | D:6      | Learned a level 3 spell: Stone Arrow
  5244 | D:6      | Learned a level 4 spell: Dispel Undead
  5380 | D:6      | Found a shimmering blue altar of Sif Muna.
  5749 | D:7      | Reached skill level 5 in Stealth
  5815 | D:7      | Reached skill level 6 in Short Blades
  6243 | D:7      | Reached skill level 5 in Invocations
  6423 | D:7      | Reached * piety under Ashenzari
  6598 | D:8      | Identified the +1 pair of gloves of Yliog {Will++ Str-2}
  6685 | D:8      | Reached skill level 5 in Long Blades
  6685 | D:8      | Reached skill level 5 in Maces & Flails
  6685 | D:8      | Reached skill level 5 in Polearms
  6685 | D:8      | Reached skill level 5 in Staves
  6685 | D:8      | Reached skill level 5 in Ranged Weapons
  6685 | D:8      | Reached skill level 5 in Throwing
  6685 | D:8      | Reached skill level 5 in Dodging
  6685 | D:8      | Reached skill level 5 in Shields
  6685 | D:8      | Reached skill level 5 in Unarmed Combat
  6685 | D:8      | Reached skill level 5 in Spellcasting
  6685 | D:8      | Reached skill level 5 in Evocations
  6685 | D:8      | Reached XP level 10. HP: 13/81 MP: 13/17
  6955 | D:8      | Reached skill level 7 in Short Blades
  6998 | D:8      | Identified the cursed +0 cloak "Gloom of Ashenzari" {Range,
                  | Evo} (You found it on level 4 of the Dungeon)
  6998 | D:8      | Identified the cursed +0 pair of boots of the Lashed
                  | Heavens {Comp, Fort} (You found it on level 1 of the
                  | Dungeon)
  7258 | D:8      | Reached ** piety under Ashenzari
  7354 | D:8      | Gained mutation: You sometimes lose your temper in combat.
                  | [potion of mutation]
  7354 | D:8      | Gained mutation: You are robust. (+10% HP) [potion of
                  | mutation]
  7424 | D:8      | Learned a level 4 spell: Summon Lightning Spire
  7435 | D:8      | Found a burning altar of Makhleb.
  8194 | D:9      | Found a blossoming altar of Fedhas.
  8209 | D:9      | Found a shadowy altar of Dithmenos.
  8297 | D:9      | Found a staircase to the Orcish Mines.
  8563 | D:9      | Reached skill level 8 in Short Blades
  9194 | D:10     | Entered Level 10 of the Dungeon
  9251 | D:10     | Noticed Josephine
  9380 | D:10     | Noticed a centaur warrior
  9390 | D:10     | Killed a centaur warrior
  9391 | D:10     | Reached skill level 5 in Conjurations
  9391 | D:10     | Reached skill level 5 in Hexes
  9391 | D:10     | Reached skill level 5 in Summonings
  9391 | D:10     | Reached skill level 5 in Necromancy
  9391 | D:10     | Reached skill level 5 in Translocations
  9391 | D:10     | Reached skill level 5 in Transmutations
  9391 | D:10     | Reached skill level 5 in Fire Magic
  9391 | D:10     | Reached skill level 5 in Ice Magic
  9391 | D:10     | Reached skill level 5 in Air Magic
  9391 | D:10     | Reached skill level 5 in Earth Magic
  9391 | D:10     | Reached skill level 5 in Poison Magic
  9391 | D:10     | Reached XP level 11. HP: 78/97 MP: 11/20
  9674 | D:10     | Killed Josephine
  9675 | D:10     | Reached skill level 9 in Short Blades
  9676 | D:10     | Noticed a two-headed ogre
  9679 | D:10     | Noticed Erolcha
  9680 | D:10     | Noticed Erica
  9819 | D:10     | Found a stormy altar of Qazlal.
 10150 | D:10     | Killed a two-headed ogre
 10220 | D:10     | Killed Erolcha
 10463 | D:10     | Reached *** piety under Ashenzari
 10482 | D:10     | Killed Erica
 11152 | D:11     | Noticed a cyclops
 11170 | D:11     | Killed a cyclops
 11460 | D:11     | Reached **** piety under Ashenzari
 11939 | D:11     | Noticed a two-headed ogre
 11957 | D:11     | Killed a two-headed ogre
 11958 | D:11     | Reached skill level 10 in Short Blades
 11958 | D:11     | Reached XP level 12. HP: 66/106 MP: 18/22
 12179 | D:11     | Learned a level 6 spell: Summon Cactus Giant
 12196 | D:11     | Found a staircase to the Lair.
 12805 | D:11     | Noticed a two-headed ogre
 13349 | Lair:1   | Entered Level 1 of the Lair of Beasts
 13354 | Lair:1   | Noticed Amaemon
 13771 | D:11     | Killed a two-headed ogre
 13813 | Lair:1   | Killed Amaemon
 13814 | Lair:1   | Reached skill level 10 in Fighting
 13814 | Lair:1   | Reached skill level 10 in Axes
 13814 | Lair:1   | Reached skill level 10 in Armour
 14447 | Lair:1   | Noticed Nergalle
 14454 | Lair:1   | Killed Nergalle
 14455 | Lair:1   | Reached skill level 11 in Short Blades
 14700 | Lair:1   | Lost mutation: You sometimes lose your temper in combat.
                  | [potion of mutation]
 14700 | Lair:1   | Lost mutation: You are robust. (+10% HP) [potion of
                  | mutation]
 14700 | Lair:1   | Gained mutation: You have hidden genetic defects. [potion
                  | of mutation]
 14701 | Lair:1   | Lost mutation: You have hidden genetic defects. [potion of
                  | mutation]
 14701 | Lair:1   | Gained mutation: Your natural rate of healing is unusually
                  | fast. [potion of mutation]
 15257 | Lair:2   | Reached XP level 13. HP: 109/109 MP: 18/27
 16448 | Lair:3   | Found a staircase to the Snake Pit.
 16448 | Lair:3   | Identified the ring of the Elephant {rPois Str-5 Slay+5
                  | SInv Stlth+}
 16502 | Lair:3   | Found a staircase to the Shoals.
 17310 | Lair:4   | Reached skill level 12 in Short Blades
 17927 | Lair:4   | Reached skill level 10 in Invocations
 17927 | Lair:4   | Reached XP level 14. HP: 74/118 MP: 20/29
 19459 | D:5      | Bought the +1 pair of boots "Oqetwoen" {Int+2 Slay+3
                  | Stlth+} for 469 gold pieces
 19705 | Lair:5   | Entered Level 5 of the Lair of Beasts
 19842 | Lair:5   | Found the +0 mask of the Dragon {Will+ Slay+3 SInv}
 19849 | Lair:5   | Found a viscous altar of Jiyva.
 19849 | Lair:5   | Found a staircase to the Slime Pits.
 19959 | Lair:5   | Reached skill level 13 in Short Blades
 19975 | Lair:5   | Noticed ders's ghost (journeyman MiFi)
 19978 | Lair:5   | Found a transporter.
 19997 | Lair:5   | Found a transporter.
 20726 | Lair:5   | Reached skill level 10 in Stealth
 21173 | Lair:5   | Reached skill level 10 in Long Blades
 21173 | Lair:5   | Reached skill level 10 in Maces & Flails
 21173 | Lair:5   | Reached skill level 10 in Polearms
 21173 | Lair:5   | Reached skill level 10 in Staves
 21173 | Lair:5   | Reached skill level 10 in Ranged Weapons
 21173 | Lair:5   | Reached skill level 10 in Throwing
 21173 | Lair:5   | Reached skill level 10 in Dodging
 21173 | Lair:5   | Reached skill level 10 in Shields
 21173 | Lair:5   | Reached skill level 10 in Unarmed Combat
 21173 | Lair:5   | Reached skill level 10 in Spellcasting
 21173 | Lair:5   | Reached skill level 10 in Evocations
 21382 | Lair:5   | HP: 8/178 [ders's ghost (13)]
 21386 | Lair:5   | Killed ders's ghost
 21387 | Lair:5   | Reached XP level 15. HP: 29/125 MP: 3/31
 21403 | Lair:5   | Identified the cursed +0 pair of gloves of Supernal Wisdom
                  | {Fort, Comp} (You found it on level 3 of the Dungeon)
 22209 | Orc:1    | Entered Level 1 of the Orcish Mines
 22226 | Orc:1    | Reached skill level 14 in Short Blades
 22483 | Orc:1    | Found Izoron's Antique Armour Emporium.
 22493 | Orc:1    | Bought a pair of distressingly furry boots for 190 gold
                  | pieces
 22493 | Orc:1    | Identified the +3 pair of boots "Udaacun" {Regen+ Dex+3}
                  | (You bought it in a shop on level 1 of the Orcish Mines)
 22613 | Orc:1    | Found Ububac's Specific Store.
 22620 | Orc:1    | Found Kaxejel's General Store.
 22735 | Orc:1    | Found a runed translucent door.
 22735 | Orc:1    | Noticed Poxta's ghost (journeyman MiBe)
 22921 | Orc:1    | Killed Poxta's ghost
 22970 | Orc:2    | Entered Level 2 of the Orcish Mines
 22998 | Orc:2    | Found a runed translucent gate.
 22998 | Orc:2    | Found a runed translucent gate.
 22998 | Orc:2    | Found a runed translucent gate.
 23000 | Orc:2    | Noticed Tef's ghost (journeyman FoFi)
 23201 | Orc:2    | Found a staircase to the Elven Halls.
 24219 | Orc:2    | Found Zuirchio's General Store.
 24222 | Orc:2    | Found Qem Tiwk's Armour Shoppe.
 24223 | Orc:2    | Found Piogh's Antique Armour Emporium.
 24224 | Orc:2    | Found Ekank's Book Emporium.
 24239 | Orc:2    | Bought a warped helmet for 275 gold pieces
 24239 | Orc:2    | Identified the +1 helmet "Jenlyugi" {Harm Fly} (You bought
                  | it in a shop on level 2 of the Orcish Mines)
 24257 | Orc:2    | Bought a +1 cloak for 172 gold pieces
 24686 | Orc:2    | Killed Tef's ghost
 25442 | Snake:1  | Entered Level 1 of the Snake Pit
 26493 | Snake:2  | Found Wutwoaz's Assorted Antiques.
 26495 | Snake:2  | Noticed a nagaraja
 26509 | Snake:2  | Killed a nagaraja
 26518 | Snake:2  | Bought a long copper wand for 100 gold pieces
 26630 | Snake:2  | Reached skill level 15 in Short Blades
 26761 | Snake:2  | Reached XP level 16. HP: 97/133 MP: 28/32
 28899 | Snake:3  | Noticed Aizul
 28919 | Snake:3  | Killed Aizul
 29631 | Snake:4  | Entered Level 4 of the Snake Pit
 30484 | Snake:4  | HP: 5/141 [naga warrior/+0 trident (6)]
 30489 | Snake:4  | HP: 1/141 [naga sharpshooter/bolt (11)]
 30530 | Snake:4  | Reached skill level 16 in Short Blades
 30741 | Snake:4  | Noticed a nagaraja
 30748 | Snake:4  | Killed a nagaraja
 30866 | Snake:4  | Reached XP level 17. HP: 100/147 MP: 25/36
 31510 | Snake:4  | Reached skill level 10 in Conjurations
 31510 | Snake:4  | Reached skill level 10 in Hexes
 31510 | Snake:4  | Reached skill level 10 in Summonings
 31510 | Snake:4  | Reached skill level 10 in Necromancy
 31510 | Snake:4  | Reached skill level 10 in Translocations
 31510 | Snake:4  | Reached skill level 10 in Transmutations
 31510 | Snake:4  | Reached skill level 10 in Fire Magic
 31510 | Snake:4  | Reached skill level 10 in Ice Magic
 31510 | Snake:4  | Reached skill level 10 in Air Magic
 31510 | Snake:4  | Reached skill level 10 in Earth Magic
 31510 | Snake:4  | Reached skill level 10 in Poison Magic
 32148 | Snake:4  | HP: 7/147 [nagaraja/poison arrow (31)]
 32500 | Snake:4  | Got a serpentine rune of Zot
 32875 | D:12     | Learned a level 7 spell: Ozocubu's Refrigeration
 34110 | D:13     | Identified the amulet "Dulerug" {Drain *Slow +Blink Will+++
                  | Regen+}
 34608 | D:14     | Found Ruuq's Assorted Antiques.
 34750 | D:14     | Found an ornate altar of the Wu Jian Council.
 35358 | D:14     | Found a gate to the Vaults.
 35782 | D:15     | Entered Level 15 of the Dungeon
 35805 | D:15     | Noticed Kirke
 35826 | D:15     | Killed Kirke
 35860 | D:15     | Reached skill level 17 in Short Blades
 36108 | D:15     | Annihilated by an ettin

Illustrated notes

Levels and vault maps discovered:
D:1:      dpeg_arrival_stone_temple_mockup, layout_basic
D:2:      layout_loops_cross, corner_web_ring
D:3:      minmay_evil_eye, layout_loops_corners, serial_shops,
          nicolae_shop_hallway_stairs, shop, nicolae_shop_advertising_works
          [nicolae_subvault_shop_adworks], shop, dreamdust_mushroom_princess
D:4:      layout_rooms
D:5:      layout_basic, old_standard_altar, temple_doors_e, serial_shops,
          shop_statue, shop, shop
D:6:      layout_rooms, lemuel_coloured_pillars_altar
D:7:      layout_cave_pods
D:8:      layout_cave_pods, lemuel_crystal_altar
D:9:      layout_small_grid, mainiacjoe_overflow_large_starburst, orc_0_dummy
D:10:     layout_basic, mainiacjoe_overflow_chevrons, minmay_bent, uniq_erolcha,
          uniq_erica, uniq_josephine
D:11:     layout_basic, lair_entry_dummy
D:12:     layout_roguey
D:13:     layout_irregular_city
D:14:     layout_loops_cross, grunt_vaults_entry_tiered,
          nzn_wu_jian_contemplation, serial_shops, kennysheep_mini,
          grunt_ministairs_3, grunt_decor_mini_mirrors,
          hellmonk_bongcloud_opening
D:15:     hangedman_depths_entry_civil_slaughter, layout_long_grid, uniq_kirke
Temple:   nicolae_temple_superstar
Lair:1:   layout_chaotic_city, beast_lair_carwin_5, infiniplex_staircase_pool,
          uniq_nergalle, uniq_amaemon
Lair:2:   layout_regular_city, grunt_megastairs_5
Lair:3:   layout_gridlike, shoals_dummy_entry,
          minmay_snake_entry_guardpost_small, cheibrodos_lair_reptile_den
Lair:4:   layout_layer_cave
Lair:5:   evilmike_catoblepas_cave, layout_regular_city, slime_entry_1,
          gammafunk_ghost_arena
Snake:1:  layout_rooms
Snake:2:  layout_cave_shapes, minmay_shop_star, nicolae_triple_integral
Snake:3:  layout_gridlike, uniq_aizul
Snake:4:  minmay_snake_end_coiled, layout_basic
Orc:1:    layout_diamond_mine, gammafunk_ghost_grave, serial_shops, shop,
          nicolae_specific_store
Orc:2:    st_orc_pillars, layout_diamond_mine, ebering_ghost_rock_garden

Skill      XL: |  1  2  3  4  5  6  7  8  9 10 11 12 13 14 15 16 17 |
---------------+----------------------------------------------------+-----
Invocations    | 1 2 3 4 5 6 7 8 10 11 12 13 | 13.5
Short Blades   | 1 2 3 4 5 6 8 10 11 12 13 15 16 17 | 17.0
Long Blades    | 1 2 3 5 6 7 8 9 10 11 12 | 12.4
Maces & Flails | 1 2 3 5 6 7 8 9 10 11 12 | 12.4
Polearms       | 1 2 3 5 6 7 8 9 10 11 12 | 12.4
Staves         | 1 2 3 5 6 7 8 9 10 11 12 | 12.4
Ranged Weapons | 1 2 3 5 6 7 8 9 10 11 12 | 12.4
Throwing       | 1 2 3 5 6 7 8 9 10 11 12 | 12.4
Dodging        | 1 2 3 5 6 7 8 9 10 11 12 | 12.4
Shields        | 1 2 3 5 6 7 8 9 10 11 12 | 12.4
Unarmed Combat | 1 2 3 5 6 7 8 9 10 11 12 | 12.4
Spellcasting   | 1 2 3 5 6 7 8 9 10 11 12 | 12.4
Evocations     | 1 2 3 5 6 7 8 9 10 11 12 | 12.4
Conjurations   | 1 2 3 4 5 6 7 8 9 10 | 10.5
Hexes          | 1 2 3 4 5 6 7 8 9 10 | 10.5
Summonings     | 1 2 3 4 5 6 7 8 9 10 | 10.5
Necromancy     | 1 2 3 4 5 6 7 8 9 10 | 10.5
Translocations | 1 2 3 4 5 6 7 8 9 10 | 10.5
Transmutations | 1 2 3 4 5 6 7 8 9 10 | 10.5
Fire Magic     | 1 2 3 4 5 6 7 8 9 10 | 10.5
Ice Magic      | 1 2 3 4 5 6 7 8 9 10 | 10.5
Air Magic      | 1 2 3 4 5 6 7 8 9 10 | 10.5
Earth Magic    | 1 2 3 4 5 6 7 8 9 10 | 10.5
Poison Magic   | 1 2 3 4 5 6 7 8 9 10 | 10.5
Stealth        | 3 4 5 6 7 8 9 10 11 12 | 12.6
Fighting       | 7 8 9 10 11 12 13 | 13.9
Axes           | 7 8 9 10 11 12 13 | 13.9
Armour         | 7 8 9 10 11 12 13 | 13.9

Action                   |  1- 3 |  4- 6 |  7- 9 | 10-12 | 13-15 | 16-18 || total
-------------------------+-------+-------+-------+-------+-------+-------++-------
Melee: Hand axe          |    82 |   129 |   301 |   374 |   782 |   451 ||  2119
       Bite              |     7 |    21 |    39 |    59 |   155 |    82 ||   363
       Punch             |       |     2 |     7 |       |       |       ||     9
Throw: Dart              |       |       |    32 |    46 |    70 |   107 ||   255
       Boomerang         |       |       |     3 |       |       |       ||     3
 Cast: Stone Arrow       |       |       |     1 |    36 |     9 |    23 ||    69
       Summon Lightning  |       |       |       |    48 |    98 |    63 ||   209
       Dispel Undead     |       |       |       |     4 |       |       ||     4
       Summon Cactus Gia |       |       |       |    17 |    75 |    67 ||   159
       Ozocubu's Refrige |       |       |       |       |       |    12 ||    12
Invok: Curse Item        |       |       |     2 |     5 |       |     2 ||     9
       Shatter the Chain |       |       |       |       |     2 |       ||     2
Evoke: Wand              |       |       |     1 |     4 |       |       ||     5
       Tin of tremorston |       |       |       |     1 |       |       ||     1
  Use: Scroll            |       |     6 |       |     4 |     2 |     1 ||    13
       Potion            |       |       |     3 |     6 |     6 |     9 ||    24
 Stab: Sleeping          |       |       |     3 |     2 |     5 |    12 ||    22
       Distracted        |       |       |     1 |     8 |    12 |     3 ||    24
       Petrified         |       |       |       |       |     2 |       ||     2
Armor: Ring mail         |    25 |       |       |       |       |       ||    25
       Chain mail        |     3 |    84 |   109 |       |       |       ||   196
       Robe              |       |       |    22 |    83 |   143 |    89 ||   337
       Skin              |       |       |       |    12 |     1 |       ||    13
Dodge: Dodged            |    34 |    68 |   105 |   258 |   544 |   374 ||  1383
Block: Other             |     1 |    10 |       |       |       |       ||    11
       Kite shield       |       |       |    48 |   306 |   524 |   338 ||  1216

Table legend: (Time is in decaauts)
 A = Elapsed time spent in this place.
 B = Non-inter-level travel time spent in this place.
 C = Inter-level travel time spent in this place.
 D = Time resting spent in this place.
 E = Time spent auto-exploring this place.
 F = Levels seen in this place.
 G = Mean time per level.
                   A        B        C        D        E       F      G
               +--------+--------+--------+--------+--------+-----+--------+
         Total |  35679 |  33313 |   2366 |   8835 |  16912 |  27 | 1321.4 |
       Dungeon |  17742 |  16233 |   1509 |   4488 |   8444 |  15 | 1182.8 |
        Temple |    146 |    126 |     20 |      0 |     73 |   1 |  146.0 |
          Lair |   8047 |   7437 |    610 |   1388 |   4252 |   5 | 1609.4 |
     Snake Pit |   7230 |   7072 |    158 |   2563 |   2861 |   4 | 1807.5 |
  Orcish Mines |   2512 |   2444 |     68 |    396 |   1281 |   2 | 1256.0 |
               +--------+--------+--------+--------+--------+-----+--------+

Top non-repeatable levels by time:
 Snake:4: 2814 daAuts
    D:11: 2679 daAuts
    D:10: 2202 daAuts
  Lair:5: 2101 daAuts
  Lair:4: 2083 daAuts
 Snake:3: 1954 daAuts
 Snake:2: 1733 daAuts
     D:8: 1608 daAuts
   Orc:2: 1534 daAuts
     D:9: 1362 daAuts
  Lair:2: 1362 daAuts
  Lair:1: 1358 daAuts
    D:14: 1277 daAuts
     D:5: 1275 daAuts
     D:6: 1190 daAuts
